 Dungeon Crawl Stone Soup version 0.27-a0-1442-g87b6fcb595 (webtiles) character file.

Game seed: 7204996714344360468

171 sgrebe5 the Shield-Bearer (level 5, 0/33 HPs)
             Began as a Gargoyle Fighter on July 5, 2021.
             Slain by an orc wizard (1 damage)
             ... on level 4 of the Dungeon.
             The game lasted 00:23:26 (3184 turns).

sgrebe5 the Shield-Bearer (Gargoyle Fighter)        Turns: 3184, Time: 00:23:26

Health: 0/33       AC: 11    Str: 20    XL:     5   Next: 51%
Magic:  5/5        EV: 11    Int:  9    God:
Gold:   216        SH:  0    Dex:  9    Spells: 4/4 levels left

rFire    . . .     SeeInvis .   a - +0 flail
rCold    + . .     Faith    .   c - +0 kite shield
rNeg     + . .     Spirit   .   b - +0 scale mail
rPois    ∞         Reflect  .   l - +2 helmet
rElec    +         Harm     .   (no cloak)
rCorr    .         Rampage  .   (no gloves)
Will     .....                  (no boots)
Stlth    ..........             (no amulet)
HPRegen  0.11/turn              r - +4 ring of evasion
MPRegen  0.09/turn              (no ring)

@: confused
A: sickness immunity, AC +4, negative energy resistance 1, electricity
resistance, torment resistance 1, petrification resistance, cold resistance 1,
deformed body, wild magic 1
a: no special abilities


You were on level 4 of the Dungeon.
You visited 1 branch of the dungeon, and saw 4 of its levels.

You collected 216 gold pieces.

Inventory:

Hand Weapons
 a - a +0 flail (weapon)
 h - a +0 short sword of venom
 i - a +0 dagger
 u - a +0 battleaxe
Missiles
 j - 27 arrows
 t - 12 poisoned darts (quivered)
Armour
 b - a +0 scale mail (worn)
 c - a +0 kite shield (worn)
 g - a +0 leather armour
 k - a +0 robe
 l - a +2 helmet (worn)
 o - a +0 ring mail
 p - a +0 ring mail
Magical Staves
 m - a staff of conjuration
Jewellery
 r - a +4 ring of evasion (left hand)
Scrolls
 e - 5 scrolls of identify {unknown}
 q - 2 scrolls of teleportation {unknown}
 s - a scroll of noise {unknown}
 w - a scroll of magic mapping {unknown}
Potions
 d - a potion of might
 f - 2 potions of curing {unknown}
 n - a potion of degeneration {unknown}
 v - 2 potions of mutation


   Skills:
 + Level 4.0 Fighting
 + Level 3.0 Maces & Flails
 + Level 4.2 Armour
 + Level 0.8 Dodging
 + Level 0.4 Stealth
 + Level 4.5 Shields


You had 4 spell levels left.
You didn't know any spells.
Your spell library was empty.

Dungeon Overview and Level Annotations

Branches:
Dungeon (4/15)
 Temple: D:4-7

Altars:
Ashenzari
Nemelex Xobeh
Trog
Vehumet

Shops:
D:1 !   D:2 =


Innate Abilities, Weirdness & Mutations

You are immune to sickness and miasma.
Your stone body is resilient. (AC +4)
You are immune to poison.
You resist negative energy. (rN+)
You are resistant to electric shocks. (rElec)
You are resistant to unholy torment.
You are immune to petrification.
Your flesh is cold resistant. (rC+)
Armour fits poorly on your strangely shaped body.
Your spells are a little harder to cast, but a little more powerful.


Message History

Something hits you but does no damage. x2
It was a potion of mutation.
You feel extremely strange.
You feel less in control of your magic.
Your body twists and deforms.
You feel resistant to cold.
You feel less confused.
The orc wizard hits you but does no damage.
You hear some strange, mumbled words.
You are confused.
Something hits you but does no damage.
You completely miss something.
The orc wizard hits you but does no damage.
You hear some strange, mumbled words.
A puff of flame appears from out of thin air!
The puff of flame misses you. Something hits you.
* * * LOW HITPOINT WARNING * * *
You miss the orc wizard.
The orc wizard gestures at you while chanting.
You are more confused.
Something hits you but does no damage. x2
The orc wizard completely misses you. Something hits you but does no damage.
You hear some strange, mumbled words.
You are more confused.
The orc wizard gestures at you while chanting.
You are more confused.
Found a robe.
You bump into the translucent rock wall.
Something hits you but does no damage. x2
Something completely misses you.
You hear some strange, mumbled words.
You are more confused.
The orc wizard hits you with a +0 dagger.
* * * LOW HITPOINT WARNING * * *
Something hits you but does no damage.
You hit something. The orc wizard closely misses you.
Something hits you but does no damage. x2
The orc wizard hits you but does no damage.
You miss something.
Something hits you but does no damage. x2
The orc wizard casts a spell at you. You resist with some effort.
Something hits you.
You die...

## .# ###### .# #....#
.#######....#######
.'.....)....'......
.#######....#.#### .#
#....#.#####+## .#
##............# .#
#......)@o...# .#
#........{...#
.........####+##.....#
########. #..###..# #
.. [....#.#..... ##
###.###.#'#...
...#..:. #.).
###.###.## ## # .#..


You could see an orc wizard.

Vanquished Creatures
  A hound (D:4)
  2 orc wizards (D:4)
  3 adders
  An adder skeleton (D:4)
  4 orcs (D:4)
  2 endoplasms (D:3)
  3 giant cockroaches
  5 goblins
  3 hobgoblins
  8 jackals
  A quokka (D:2)
  3 ball pythons
  5 bats
  7 frilled lizards
  7 kobolds
  2 rats
57 creatures vanquished.

Notes
Turn   | Place    | Note
-------+----------+-------------------------------------------
     0 | D:1      | sgrebe5 the Gargoyle Fighter began the quest for the Orb.
     0 | D:1      | Reached XP level 1. HP: 14/14 MP: 1/1
   169 | D:1      | Reached XP level 2. HP: 16/19 MP: 2/2
   485 | D:1      | Found Fontuete's Distillery.
  1083 | D:2      | Found a bloodstained altar of Trog.
  1203 | D:2      | Reached XP level 3. HP: 20/24 MP: 3/3
  1716 | D:2      | Found Emesm's Jewellery Boutique.
  2256 | D:3      | Reached XP level 4. HP: 29/29 MP: 4/4
  2306 | D:3      | Found a sparkling altar of Nemelex Xobeh.
  2344 | D:3      | Found a radiant altar of Vehumet.
  3050 | D:4      | Found a broken altar of Ashenzari.
  3119 | D:4      | Reached XP level 5. HP: 29/33 MP: 5/5
  3176 | D:4      | Gained mutation: Your spells are a little harder to cast,
                  | but a little more powerful. [potion of mutation]
  3176 | D:4      | Gained mutation: Armour fits poorly on your strangely
                  | shaped body. [potion of mutation]
  3176 | D:4      | Gained mutation: Your flesh is cold resistant. (rC+)
                  | [potion of mutation]
  3182 | D:4      | HP: 1/33 [orc wizard (2)]
  3184 | D:4      | Slain by an orc wizard

Illustrated notes

Levels and vault maps discovered:
D:1:      dpeg_arrival_simpleton_c, layout_loops_ring, serial_shops,
          nicolae_shop_trees, moated_statue
D:2:      layout_basic, serial_shops, shop, basic_altar
D:3:      layout_rooms, nemelex_spade_bored_becter, fiery_altar_vehumet,
          chequers_serial_rivers_room_b
D:4:      layout_basic, lemuel_crystal_altar, minmay_temple_entry_waves,
          minmay_a_box_with_orc_wizards_in_it, uniq_ijyb

Skill      XL: |  1  2  3  4  5 |
---------------+----------------+-----
Armour         | 4 |  4.2
Shields        | 4 |  4.5
Fighting       | 4 |  4.0
Maces & Flails | 3 |  3.0
Dodging        | |  0.8
Stealth        | |  0.4

Action                   |  1- 3 |  4- 6 || total
-------------------------+-------+-------++-------
Melee: Flail             |   153 |    92 ||   245
  Use: Potion            |       |     1 ||     1
Armor: Scale mail        |   139 |    92 ||   231
Dodge: Dodged            |   105 |    64 ||   169
Block: Kite shield       |   123 |    76 ||   199

Table legend: (Time is in decaauts)
 A = Elapsed time spent in this place.
 B = Non-inter-level travel time spent in this place.
 C = Inter-level travel time spent in this place.
 D = Time resting spent in this place.
 E = Time spent auto-exploring this place.
 F = Levels seen in this place.
 G = Mean time per level.
                   A        B        C        D        E       F      G
               +--------+--------+--------+--------+--------+-----+--------+
         Total |   3315 |   3230 |     85 |      0 |   1079 |   4 |  828.8 |
       Dungeon |   3315 |   3230 |     85 |      0 |   1079 |   4 |  828.8 |
               +--------+--------+--------+--------+--------+-----+--------+

Top non-repeatable levels by time:
     D:2: 1192 daAuts
     D:1: 1088 daAuts
     D:3: 861 daAuts
     D:4: 173 daAuts
